 Dungeon Crawl Stone Soup version 0.29-a0-416-g83a48905f1 (webtiles) character file.

Game seed: 3462901338246825107

53 xian the Cutter (level 3, 0/31 HPs)
             Began as a Draconian Wanderer on May 16, 2022.
             Slain by Sigmund
             ... wielding a +0 scythe
              (10 damage)
             ... on level 2 of the Dungeon.
             The game lasted 00:07:24 (2053 turns).

xian the Cutter (Draconian Wanderer)                Turns: 2053, Time: 00:07:25

Health: 0/31       AC:  5    Str: 26    XL:     3   Next: 62%
Magic:  3/3        EV: 11    Int: 12    God:
Gold:   93         SH:  0    Dex:  8    Spells: 2/2 levels left

rFire   . . .      SeeInvis .   k - +6 war axe of Atalogen {pain, rElec Int+2}
rCold   . . .      Faith    .   (no shield)
rNeg    . . .      Spirit   .   (body armour unavailable)
rPois   .          Reflect  .   (helmet restricted)
rElec   +          Harm     .   (no cloak)
rCorr   .          Rampage  .   (no gloves)
Will    .....                   (no boots)
Stlth   +.........              (no amulet)
HPRegen 0.10/turn               q - +6 ring of strength
MPRegen 0.08/turn               (no ring)

@: flying, unable to read
A: AC +5, unfitting armour, cold-blooded, big wings, inability to read while
threatened, MP-powered wands
a: no special abilities


You were on level 2 of the Dungeon.
You visited 1 branch of the dungeon, and saw 2 of its levels.

You collected 93 gold pieces.

Inventory:

Hand Weapons
 a - a +3 short sword
 b - a +0 spear
 k - the +6 war axe of Atalogen (weapon) {pain, rElec Int+2}
   (You took it off a kobold on level 2 of the Dungeon)

   In the hands of one skilled in necromantic magic, it inflicts extra damage on
   living creatures.
   Int:       It affects your intelligence (+2).
   rElec:     It insulates you from electricity.
 m - a +1 vampiric dagger
Missiles
 f - 83 stones (quivered)
 o - a poisoned dart
Jewellery
 q - a +6 ring of strength (left hand)
Scrolls
 e - 2 scrolls of identify {unknown}
 g - a scroll of teleportation {unknown}
 p - a scroll of amnesia {unknown}
 r - a scroll of vulnerability {unknown}
Potions
 c - a potion of lignification
 d - a potion of attraction {unknown}
 h - 2 potions of flight {unknown}
 i - 2 potions of degeneration {unknown}
 j - a potion of magic {unknown}
 l - a potion of cancellation {unknown}
 n - a potion of might {unknown}


   Skills:
 + Level 3.6 Fighting
 + Level 4.9 Short Blades
 + Level 1.0 Polearms
 + Level 1.2 Throwing
 + Level 1.3 Dodging


You had 2 spell levels left.
You didn't know any spells.
Your spell library was empty.

Dungeon Overview and Level Annotations

Branches:
Dungeon (2/15)

Altars:
Trog

Annotations:
D:2 Sigmund


Innate Abilities, Weirdness & Mutations

Your plain brown scales are hard. (AC +5)
You cannot fit into any form of body armour.
You are cold-blooded and may be slowed by cold attacks.
Your large and strong wings let you fly.
You sometimes lose the ability to read scrolls when taking damage.
You expend magic power (3 MP) to strengthen your wands.


Message History

The dart slug is almost dead.
The dart slug launches a dart at you. The slug dart hits you.
You throw a stone.
The stone hits the dart slug but does no damage.
The dart slug is almost dead.
The dart slug briefly extends its eye-stalks.
The dart slug launches a dart at you. The slug dart misses you.
You throw a stone. The stone hits the dart slug.
You kill the dart slug!
No target in view!
No target in view!
No target in view!
No target in view!
No target in view!
No target in view!
No target in view!
No target in view!
f - 75 stones (gained 2)
r - a scroll labelled TIEXZA PUNAUF
Found a thin glowing staff.
f - 78 stones (gained 3)
f - 83 stones (gained 5)
There is a stone staircase leading down here.
Sigmund the Dreaded comes into view.
He is wielding a +0 scythe.
Found 2 glowing brown potions.
Sigmund shouts!
Sigmund casts a spell.
Sigmund flickers and vanishes!
Deactivating autopickup; reactivate with Ctrl-A.
No target in view!
You're already flying!
Something hits you.
You hit something. Something hits you!
You feel threatened and lose the ability to read scrolls!
You closely miss something. Something hits you!
You miss something. Something hits you.
You hit something. Something hits you!
You die...

#.. .... #.. ... ##.
... ###. #####.###
#... #.......# #.#.
#.......# ##### #.#.
#..|....# #...# #.#^
#.!{@...####...###...
#####.##.......##....
#####................
#.....>.........†....
#....#.........†.....
#....#......##.##....
#..?.##........##....
#.... #......####....
##### #....#...#.....


There were no monsters in sight!

Vanquished Creatures
  2 dart slugs
  5 bats
  An endoplasm (D:1)
  A giant cockroach (D:1)
  3 goblins
  6 hobgoblins
  6 jackals
  6 kobolds
  2 quokkas
  5 ball pythons (D:1)
  4 frilled lizards
  5 rats
46 creatures vanquished.

Notes
Turn   | Place    | Note
-------+----------+-------------------------------------------
     0 | D:1      | xian the Draconian Wanderer began the quest for the Orb.
     0 | D:1      | xian set off with the following items: a +3 short sword, a
                  | +0 spear, a potion of lignification
     0 | D:1      | Reached XP level 1. HP: 19/19 MP: 1/1
   373 | D:1      | Reached XP level 2. HP: 3/26 MP: 2/2
   373 | D:1      | Gained mutation: You expend magic power (3 MP) to
                  | strengthen your wands. [potion of mutation]
   373 | D:1      | Gained mutation: You sometimes lose the ability to read
                  | scrolls when taking damage. [potion of mutation]
   373 | D:1      | Gained mutation: Your large and strong wings let you fly.
                  | [potion of mutation]
  1039 | D:1      | Reached XP level 3. HP: 31/31 MP: 3/3
  1616 | D:2      | Found a faded altar of an unknown god.
  1656 | D:2      | Identified the +6 war axe of Atalogen {pain, rElec Int+2}
  1698 | D:2      | Prayed at the altar of an unknown god.
  1698 | D:2      | Became a worshipper of Trog the Wrathful
  1698 | D:2      | Reached * piety under Trog
  1799 | D:2      | Fell from the grace of Trog
  2047 | D:2      | Noticed Sigmund
  2053 | D:2      | Slain by Sigmund

Illustrated notes

Levels and vault maps discovered:
D:1:      shiori_arrival_whats_in_store_for_you, layout_basic,
          minmay_heptomino_w4
D:2:      layout_basic, basic_ecumenical_altar, uniq_sigmund

Action                   || total
-------------------------++-------
Melee: Short sword       ||   108
       Tailslap          ||     6
       War axe           ||    15
Throw: Dart              ||    10
       Stone             ||    46
Invok: Renounce Religion ||     1
  Use: Potion            ||     1
Armor: Skin              ||    70
Dodge: Dodged            ||   163

Table legend: (Time is in decaauts)
 A = Elapsed time spent in this place.
 B = Non-inter-level travel time spent in this place.
 C = Inter-level travel time spent in this place.
 D = Time resting spent in this place.
 E = Time spent auto-exploring this place.
 F = Levels seen in this place.
 G = Mean time per level.
                   A        B        C        D        E       F      G
               +--------+--------+--------+--------+--------+-----+--------+
         Total |   2049 |   2049 |      0 |    300 |   1228 |   2 | 1024.5 |
       Dungeon |   2049 |   2049 |      0 |    300 |   1228 |   2 | 1024.5 |
               +--------+--------+--------+--------+--------+-----+--------+

Top non-repeatable levels by time:
     D:1: 1610 daAuts
     D:2: 439 daAuts
